 Dungeon Crawl Stone Soup version 0.29.1-12-g30fa7ad0bf (webtiles) character file.

Game seed: 4396101061881133051

968 concernfroge the Fighter (level 7, -3/62 HPs)
             Began as a Mummy Monk on Dec 24, 2022.
             Slain by a black bear (5 damage)
             ... on level 7 of the Dungeon.
             The game lasted 00:19:23 (5111 turns).

concernfroge the Fighter (Mummy Monk)               Turns: 5111, Time: 00:19:24

Health: -3/62      AC:  7    Str: 16    XL:     7   Next: 93%
Magic:  7/7        EV: 12    Int:  9    God:
Gold:   142        SH:  3    Dex: 15    Spells: 6/6 levels left

rFire   x . .      SeeInvis +   b - +2 scimitar (vorpal)
rCold   + . .      Faith    .   m - +0 buckler
rNeg    + + +      Spirit   .   i - +0 steam dragon scales
rPois   ∞          Reflect  .   o - +0 helmet
rElec   .          Harm     .   (no cloak)
rCorr   +          Rampage  .   (no gloves)
Will    .....                   j - +0 pair of boots
Stlth   ++........              (no amulet)
HPRegen 0.20/turn               p - ring of resist corrosion
MPRegen 0.10/turn               n - ring of see invisible

@: no status effects
A: cold resistance 1, negative energy resistance 3, torment resistance 2, heat
vulnerability 1, in touch with death 1, no potions
a: no special abilities


You were on level 7 of the Dungeon.
You visited 1 branch of the dungeon, and saw 7 of its levels.

You collected 142 gold pieces.

Inventory:

Hand Weapons
 a - a +1 trident
 b - a +2 vorpal scimitar (weapon)
Missiles
 h - 6 boomerangs (quivered)
 k - 44 stones
 q - 10 poisoned darts
Armour
 i - +0 steam dragon scales (worn)
 j - a +0 pair of boots (worn)
 l - a +0 leather armour
 m - a +0 buckler (worn)
 o - a +0 helmet (worn)
Jewellery
 f - a ring of ice
 g - a ring of flight
 n - a ring of see invisible (right hand)
 p - a ring of resist corrosion (left hand)
Scrolls
 d - 5 scrolls of butterflies


   Skills:
 + Level 8.2 Fighting
 - Level 2.4 Polearms
 - Level 4.0 Throwing
 - Level 2.4 Dodging
 - Level 1.5 Stealth


You had 6 spell levels left.
You didn't know any spells.
Your spell library was empty.

Dungeon Overview and Level Annotations

Branches:
Dungeon (7/15)
 Temple: D:4-7

Altars:
Hepliaklqana
Kikubaaqudgha
Nemelex Xobeh
Qazlal
Ru

Shops:
D:6 (

Annotations:
D:3 1 runed translucent door, exclusion: door, Crazy Yiuf, Sigmund
D:4 Menkaure
D:6 Duvessa
D:7 Pikel


Innate Abilities, Weirdness & Mutations

You are immune to poison.
Your flesh is cold resistant. (rC+)
You are immune to negative energy. (rN+++)
You are immune to unholy pain and torment.
You are vulnerable to heat. (rF-)
You are in touch with the powers of death.
You do not drink.


Message History

The killer bee is heavily wounded.
You block the killer bee's attack. The killer bee stings you.
The killer bee stings you but does no damage.
You barely miss the killer bee.
The killer bee is heavily wounded.
The killer bee stings you! The killer bee stings you.
The killer bee misses you.
You are too injured to fight recklessly!
You are too injured to fight recklessly!
You miss the killer bee.
The killer bee is heavily wounded.
The killer bee stings you but does no damage. x2
You barely miss the killer bee.
The killer bee is heavily wounded.
You block the killer bee's attack. The killer bee stings you.
The killer bee barely misses you.
You closely miss the killer bee.
The killer bee is heavily wounded.
The killer bee stings you.
The killer bee stings you but does no damage.
The killer bee stings you!
* * * LOW HITPOINT WARNING * * *
As you read the scroll of teleportation, it crumbles to dust.
You feel strangely unstable. The killer bee barely misses you.
The killer bee stings you but does no damage.
The killer bee stings you!
* * * LOW HITPOINT WARNING * * *
The killer bee stings you.
* * * LOW HITPOINT WARNING * * *
The killer bee barely misses you.
The killer bee attacks as you move away!
The killer bee misses you.
Your surroundings suddenly seem different.
A black bear comes into view.
Found a long sword and a war axe.
Found a stone staircase leading down.
The helpless black bear fails to defend itself.
You slash the black bear!
The black bear is heavily wounded.
The black bear bites you.
You die...

##...######
#...>.....#
#.........#
#.........#
#.........####
#.........)..#
#.....).....##
#.....@.......
#.....h.###...
.........#
..#......# .
#......#
#......#
#......#
########


You could see a black bear.

Vanquished Creatures
  A black bear (D:6)
  A phantom (D:6)
  2 lemures (D:7)
  A necrophage (D:6)
  4 scorpions (D:6)
  A killer bee (D:7)
  Dowan (D:6)
  3 orc priests
  An iguana (D:5)
  Jessica (D:3)
  3 orc wizards (D:5)
  2 gnolls
  3 adders
  A white imp (D:5)
  3 worms
  2 dart slugs
  16 orcs
  10 bats
  4 endoplasms
  A giant cockroach (D:3)
  3 goblins
  6 hobgoblins
  3 jackals (D:3)
  4 quokkas
  2 ball pythons (D:2)
  2 frilled lizards
  9 kobolds
  3 rats
  A spectral orc (D:3)
94 creatures vanquished.

Vanquished Creatures (collateral kills)
  A hound (D:6)
  An iguana (D:6)
2 creatures vanquished.

Vanquished Creatures (others)
  5 withered plants (D:3)
5 creatures vanquished.

Grand Total: 101 creatures vanquished

Notes
Turn   | Place    | Note
-------+----------+-------------------------------------------
     0 | D:1      | concernfroge the Mummy Monk began the quest for the Orb.
     0 | D:1      | Reached XP level 1. HP: 18/18 MP: 1/1
   104 | D:1      | Reached XP level 2. HP: 24/24 MP: 2/2
   181 | D:1      | Found a faded altar of an unknown god.
   924 | D:2      | Reached skill level 4 in Fighting
  1293 | D:2      | Gained mutation: You are in touch with the powers of death.
                  | [Mummy growth]
  1293 | D:2      | Reached XP level 3. HP: 30/30 MP: 3/3
  2294 | D:3      | Noticed Jessica
  2309 | D:3      | Reached XP level 4. HP: 32/38 MP: 4/4
  2312 | D:3      | Killed Jessica
  2313 | D:3      | Reached skill level 5 in Fighting
  2313 | D:3      | Reached skill level 1 in Throwing
  2492 | D:3      | Found a runed translucent door.
  2493 | D:3      | Noticed Crazy Yiuf
  2530 | D:3      | Found a stormy altar of Qazlal.
  2541 | D:3      | Noticed Sigmund
  2766 | D:3      | Found an ancient bone altar of Kikubaaqudgha.
  2812 | D:3      | Found a hazy altar of Hepliaklqana.
  3349 | D:4      | Noticed Menkaure
  3354 | D:5      | Entered Level 5 of the Dungeon
  3485 | D:6      | Reached XP level 5. HP: 24/44 MP: 5/5
  3651 | D:6      | Found a sparkling altar of Nemelex Xobeh.
  3654 | D:6      | Found a sacrificial altar of Ru.
  3657 | D:6      | Noticed a black bear
  3662 | D:6      | Noticed a phantom
  3677 | D:6      | Killed a phantom
  3843 | D:6      | Reached XP level 6. HP: 49/52 MP: 6/6
  3875 | D:6      | Reached skill level 6 in Fighting
  4171 | D:6      | Found Linaophe's Antique Weapon Boutique.
  4171 | D:6      | Noticed Maggie
  4177 | D:6      | Noticed Maggie
  4177 | D:6      | Maggie changed into Maggie the scorpion
  4178 | D:6      | Killed Maggie the scorpion
  4196 | D:6      | Reached XP level 7. HP: 59/59 MP: 7/7
  4224 | D:6      | Reached skill level 7 in Fighting
  4238 | D:6      | Noticed Dowan
  4260 | D:6      | Killed Dowan
  4519 | D:5      | Reached skill level 8 in Fighting
  4530 | D:6      | Noticed Duvessa
  5013 | D:7      | Noticed Pikel
  5108 | D:7      | HP: 1/62 [killer bee (6)]
  5111 | D:7      | Slain by a black bear

Illustrated notes

Levels and vault maps discovered:
D:1:      lightli_molten_gateway, layout_basic,
          dreamdust_ecumenical_altar_statues,
          wander_ebering_terrifying_dragon_lair
D:2:      layout_loops_ring, nicolae_eternal_life, minmay_cut_off
D:3:      layout_basic, kiku_gazebo_garden_becter,
          nicolae_hepliaklqana_monster_ancestors,
          mainiacjoe_overflow_six_doors_small, nicolae_wormholes, uniq_sigmund,
          uniq_crazy_yiuf_cottage, uniq_jessica
D:4:      minmay_chambers_of_threes, layout_basic, uniq_robin, uniq_menkaure,
          uniq_ijyb, uniq_blork_the_orc
D:5:      layout_rooms, mainiacjoe_overflow_concentric_impassable,
          okawaru_altar_gauntlet_db, temple_fountains
D:6:      layout_gridville, zin_statuary, nicolae_overflow_squiral,
          serial_shops, nicolae_shop_window_shopping, grunt_decor_fettered,
          hangedman_decor_slide_cut, uniq_duvessa, uniq_maggie
D:7:      layout_basic, serial_shops, shop, uniq_pikel

Skill      XL: |  1  2  3  4  5  6  7 |
---------------+----------------------+-----
Fighting       | 4 5 6 8 |  8.2
Throwing       | 1 2 3 4 |  4.0
Polearms       | |  2.4
Dodging        | |  2.4
Stealth        | |  1.5

Action                   |  1- 3 |  4- 6 |  7- 9 || total
-------------------------+-------+-------+-------++-------
Melee: Spear             |   115 |       |       ||   115
       Punch             |     1 |       |       ||     1
       Falchion          |    20 |     3 |       ||    23
       Trident           |       |    89 |       ||    89
       Scimitar          |       |       |    66 ||    66
Throw: Boomerang         |    12 |    26 |    14 ||    52
       Dart              |       |    11 |    30 ||    41
Evoke: Wand              |       |     1 |       ||     1
  Use: Scroll            |     2 |     6 |     5 ||    13
 Stab: Sleeping          |     4 |     3 |     1 ||     8
Armor: Robe              |    12 |       |       ||    12
       Leather armour    |    17 |    30 |       ||    47
       Steam dragon scal |       |       |    35 ||    35
Dodge: Dodged            |    68 |    41 |    49 ||   158
Block: Buckler           |     7 |    12 |    15 ||    34
